| TOP OF THE 1ST |
|
Fort Myers Miracles batting - Pitching for St. Pete Cardinals : LHP Hugo Torre
|
|
Pitching: LHP Hugo Torre
|
|
|
Batting: SHB Ronnie Chapman
|
0-0: Foul Ball, location: 2F 0-1: Called Strike 0-2: Strikes out swinging, 2-3 out at first.
|
|
Batting: RHB T.J. Stout
|
0-0: Foul Ball, location: 2F 0-1: Fly out, F7 (Line Drive, 7, EV 98.1 MPH)
|
|
Batting: RHB Bobby Hinson
|
0-0: Foul Ball, location: 2F 0-1: Swinging Strike 0-2: Ball 1-2: SINGLE (Groundball, 56S, EV 59.4 MPH) (infield hit)
|
|
Batting: RHB Galtero Gioacchini
|
0-0: Ball 1-0: Foul Ball, location: 2F 1-1: Ball 2-1: Ball 3-1: Base on Balls Bobby Hinson to second
|
|
Batting: RHB Michael Saccocio
|
0-0: Called Strike 0-1: Called Strike 0-2: Ball 1-2: Foul Ball, location: 2F 1-2: Ball 2-2: Strikes out looking
|
| Top of the 1st over - 0 runs, 1 hit, 0 errors, 2 left on base; Fort Myers 0 - St. Pete 0 |
| BOTTOM OF THE 1ST |
|
St. Pete Cardinals batting - Pitching for Fort Myers Miracles : RHP Guillermo Luna
|
|
Pitching: RHP Guillermo Luna
|
|
|
Batting: RHB John Roberts
|
0-0: Called Strike 0-1: Called Strike 0-2: Ground out 6-3 (Groundball, 6, EV 103.1 MPH)
|
|
Batting: SHB Mickey Riley
|
0-0: Called Strike 0-1: Fly out, F8 (Flyball, 8LM, EV 92.5 MPH)
|
|
Batting: RHB Joe Scime
|
0-0: Ball 1-0: Called Strike 1-1: Ball 2-1: Foul Ball, location: 2F 2-2: Ground out 6-3 (Groundball, 6M, EV 101.3 MPH)
|
| Bottom of the 1st over - 0 runs, 0 hits, 0 errors, 0 left on base; Fort Myers 0 - St. Pete 0 |
| TOP OF THE 2ND |
|
Fort Myers Miracles batting - Pitching for St. Pete Cardinals : LHP Hugo Torre
|
|
Batting: LHB Rodney Hodde
|
0-0: Swinging Strike 0-1: Ball 1-1: Called Strike 1-2: DOUBLE (Line Drive, 9LS, EV 113.1 MPH)
|
|
Batting: LHB Stacey Pettis
|
0-0: Swinging Strike 0-1: Swinging Strike 0-2: Fly out, F7 (Flyball, 7D, EV 75.0 MPH)
|
|
Batting: LHB Abraham Becerra
|
0-0: Ball 1-0: Ball Passed Ball! Rodney Hodde to third 2-0: Ball 3-0: Called Strike 3-1: Called Strike 3-2: Base on Balls
|
|
Batting: RHB Rico Escobar
|
0-0: Called Strike 0-1: Foul Ball, location: 2F 0-2: Ball 1-2: Ball 2-2: Foul Ball, location: 2F 2-2: Fly out, F8 (Flyball, 8LD, EV 98.8 MPH) Runner from 3rd tags up, SCORES, no throw by CF
|
|
Batting: SHB Ronnie Chapman
|
0-0: Ball 1-0: Foul Ball, location: 2F 1-1: Called Strike 1-2: Ball 2-2: Fielders Choice at 2nd, 6-4 (Groundball, 6, EV 97.5 MPH)
|
| Top of the 2nd over - 1 run, 1 hit, 0 errors, 1 left on base; Fort Myers 1 - St. Pete 0 |
| BOTTOM OF THE 2ND |
|
St. Pete Cardinals batting - Pitching for Fort Myers Miracles : RHP Guillermo Luna
|
|
Batting: RHB Eric Hardgrave
|
0-0: Called Strike 0-1: Foul Ball, location: 2F 0-2: DOUBLE (Line Drive, 7LS, EV 103.8 MPH)
|
|
Batting: LHB Richard Hazard
|
0-0: Ball 1-0: Foul Ball, location: 2F 1-1: Ground out 4-3 (Groundball, 34, EV 89.4 MPH) Eric Hardgrave to third
|
|
Batting: RHB Sal Agostinelli
|
0-0: Ball 1-0: Ball 2-0: Foul Ball, location: 2F 2-1: Ball 3-1: Base on Balls
|
|
Batting: RHB Omar Interiano
|
0-0: Ball 1-0: Foul Ball, location: 2F 1-1: Foul Ball, location: 2F 1-2: Strikes out looking
|
|
Batting: RHB Tom Magrann
|
0-0: Fly out, F7 (Line Drive, 7, EV 91.9 MPH)
|
| Bottom of the 2nd over - 0 runs, 1 hit, 0 errors, 2 left on base; Fort Myers 1 - St. Pete 0 |
| TOP OF THE 3RD |
|
Fort Myers Miracles batting - Pitching for St. Pete Cardinals : LHP Hugo Torre
|
|
Batting: RHB T.J. Stout
|
0-0: Ball 1-0: Swinging Strike 1-1: Ball 2-1: Ball 3-1: Foul Ball, location: 2F 3-2: Foul Ball, location: 2F 3-2: Foul Ball, location: 2F 3-2: Foul Ball, location: 2F 3-2: Base on Balls
|
|
Batting: RHB Bobby Hinson
|
0-0: Ball 1-0: Foul Ball, location: 2F 1-1: Foul Ball, location: 2F 1-2: Ball 2-2: SINGLE (Flyball, 6D, EV 91.9 MPH) T.J. Stout to second
|
|
Batting: RHB Galtero Gioacchini
|
0-0: Ball 1-0: Called Strike 1-1: SINGLE (Groundball, 34D, EV 98.1 MPH) T.J. Stout to third Bobby Hinson to second Runner from 3rd tries for Home, SAFE, throw by RF to home
|
|
Batting: RHB Michael Saccocio
|
0-0: Ball 1-0: Called Strike 1-1: Ball 2-1: Fielders Choice at 2nd, 3-6 (Groundball, 34, EV 81.9 MPH) Bobby Hinson to third
|
|
Batting: LHB Rodney Hodde
|
0-0: Called Strike 0-1: Fly out, F9 (Flyball, 9D, EV 101.3 MPH) Runner from 3rd tags up, SCORES, no throw by RF
|
|
Batting: LHB Stacey Pettis
|
0-0: Ball 1-0: Ball Michael Saccocio is caught stealing 2nd base 2-6
|
| Top of the 3rd over - 2 runs, 2 hits, 0 errors, 0 left on base; Fort Myers 3 - St. Pete 0 |
| BOTTOM OF THE 3RD |
|
St. Pete Cardinals batting - Pitching for Fort Myers Miracles : RHP Guillermo Luna
|
|
Batting: RHB Jose Mantilla
|
0-0: Ball 1-0: Called Strike 1-1: Foul Ball, location: 2F 1-2: Strikes out swinging
|
|
Batting: RHB John Roberts
|
0-0: Called Strike 0-1: Ball 1-1: Swinging Strike 1-2: Ball 2-2: Ball 3-2: Ground out U3 (Groundball, 3, EV 76.9 MPH)
|
|
Batting: SHB Mickey Riley
|
0-0: Ball 1-0: Ball 2-0: Called Strike 2-1: Ball 3-1: Swinging Strike 3-2: Foul Ball, location: 2F 3-2: Base on Balls
|
|
Batting: RHB Joe Scime
|
0-0: Ball 1-0: Foul Ball, location: 2F 1-1: Swinging Strike 1-2: Foul Ball, location: 2F 1-2: Foul Ball, location: 2F 1-2: Foul Ball, location: 2F 1-2: Ball 2-2: Ball 3-2: Strikes out swinging
|
| Bottom of the 3rd over - 0 runs, 0 hits, 0 errors, 1 left on base; Fort Myers 3 - St. Pete 0 |
| TOP OF THE 4TH |
|
Fort Myers Miracles batting - Pitching for St. Pete Cardinals : LHP Hugo Torre
|
|
Batting: LHB Stacey Pettis
|
0-0: Called Strike 0-1: Ball 1-1: Foul Ball, location: 2F 1-2: Fly out, F6 (Popup, 6MS, EV 63.1 MPH)
|
|
Batting: LHB Abraham Becerra
|
0-0: Foul Ball, location: 2F 0-1: Ground out 6-3 (Groundball, 6, EV 103.1 MPH)
|
|
Batting: RHB Rico Escobar
|
0-0: Called Strike 0-1: Ball 1-1: Ball 2-1: Ball 3-1: SINGLE (Groundball, 25, EV 66.3 MPH) (infield hit)
|
|
Batting: SHB Ronnie Chapman
|
0-0: Foul Ball, location: 2F 0-1: Swinging Strike 0-2: Foul Ball, location: 2F 0-2: SINGLE (Line Drive, 7S, EV 101.9 MPH) Rico Escobar to second
|
|
Batting: RHB T.J. Stout
|
0-0: Ball 1-0: Foul Ball, location: 2F 1-1: Ball 2-1: Ground out 5-3 (Groundball, 56, EV 94.4 MPH)
|
| Top of the 4th over - 0 runs, 2 hits, 0 errors, 2 left on base; Fort Myers 3 - St. Pete 0 |
| BOTTOM OF THE 4TH |
|
St. Pete Cardinals batting - Pitching for Fort Myers Miracles : RHP Guillermo Luna
|
|
Batting: RHB Eric Hardgrave
|
0-0: Called Strike 0-1: Called Strike 0-2: Ball 1-2: Foul Ball, location: 2F 1-2: Strikes out looking
|
|
Batting: LHB Richard Hazard
|
0-0: Fly out, F7 (Flyball, 7D, EV 101.9 MPH)
|
|
Batting: RHB Sal Agostinelli
|
0-0: Foul Ball, location: 2F 0-1: Foul Ball, location: 2F 0-2: Foul Ball, location: 2F 0-2: Foul Ball, location: 2F 0-2: Ball 1-2: Fly out, F8 (Line Drive, 8RD, EV 93.1 MPH)
|
| Bottom of the 4th over - 0 runs, 0 hits, 0 errors, 0 left on base; Fort Myers 3 - St. Pete 0 |
| TOP OF THE 5TH |
|
Fort Myers Miracles batting - Pitching for St. Pete Cardinals : LHP Hugo Torre
|
|
Batting: RHB Bobby Hinson
|
0-0: Ball 1-0: Called Strike 1-1: Foul Ball, location: 2F 1-2: Ball 2-2: Ball 3-2: Strikes out looking
|
|
Batting: RHB Galtero Gioacchini
|
0-0: Ball 1-0: Ground out 4-3 (Groundball, 4, EV 83.1 MPH)
|
|
Batting: RHB Michael Saccocio
|
0-0: Foul Ball, location: 2F 0-1: Ground out 5-3 (Groundball, 56, EV 87.5 MPH)
|
| Top of the 5th over - 0 runs, 0 hits, 0 errors, 0 left on base; Fort Myers 3 - St. Pete 0 |
| BOTTOM OF THE 5TH |
|
St. Pete Cardinals batting - Pitching for Fort Myers Miracles : RHP Guillermo Luna
|
|
Batting: RHB Omar Interiano
|
0-0: Fly out, F8 (Line Drive, 8LM, EV 87.5 MPH)
|
|
Batting: RHB Tom Magrann
|
0-0: Ball 1-0: Foul Ball, location: 2F 1-1: Ball 2-1: Ball 3-1: Foul Ball, location: 2F 3-2: SINGLE (Groundball, 3D, EV 105.0 MPH)
|
|
Batting: RHB Jose Mantilla
|
0-0: Fly out, F7 (Flyball, 7LS, EV 91.3 MPH)
|
|
Batting: RHB John Roberts
|
0-0: Ball 1-0: Foul Ball, location: 2F 1-1: Ball 2-1: Fly out, F9 (Flyball, 9D, EV 100.0 MPH)
|
| Bottom of the 5th over - 0 runs, 1 hit, 0 errors, 1 left on base; Fort Myers 3 - St. Pete 0 |
| TOP OF THE 6TH |
|
Fort Myers Miracles batting - Pitching for St. Pete Cardinals : LHP Hugo Torre
|
|
Batting: LHB Rodney Hodde
|
0-0: Called Strike 0-1: Foul Ball, location: 2F 0-2: Ball 1-2: Ball 2-2: Ground out 6-3 (Groundball, 6, EV 81.3 MPH)
|
|
Batting: LHB Stacey Pettis
|
0-0: Ball 1-0: Called Strike 1-1: Swinging Strike 1-2: Ball 2-2: Strikes out swinging
|
|
Batting: LHB Abraham Becerra
|
0-0: Ball 1-0: Swinging Strike 1-1: Foul Ball, location: 2F 1-2: Foul Ball, location: 2F 1-2: Fly out, F8 (Flyball, 8RD, EV 73.1 MPH)
|
| Top of the 6th over - 0 runs, 0 hits, 0 errors, 0 left on base; Fort Myers 3 - St. Pete 0 |
| BOTTOM OF THE 6TH |
|
St. Pete Cardinals batting - Pitching for Fort Myers Miracles : RHP Guillermo Luna
|
|
Batting: SHB Mickey Riley
|
0-0: Called Strike 0-1: Swinging Strike 0-2: Ball 1-2: Foul Ball, location: 2F 1-2: Strikes out swinging
|
|
Batting: RHB Joe Scime
|
0-0: Ball 1-0: Ball 2-0: Ground out 1-3 (Groundball, 13S, EV 71.3 MPH)
|
|
Batting: RHB Eric Hardgrave
|
0-0: Swinging Strike 0-1: Ball 1-1: Ground out 6-3 (Groundball, 6, EV 101.3 MPH)
|
| Bottom of the 6th over - 0 runs, 0 hits, 0 errors, 0 left on base; Fort Myers 3 - St. Pete 0 |
| TOP OF THE 7TH |
|
Fort Myers Miracles batting - Pitching for St. Pete Cardinals : LHP Hugo Torre
|
|
Pitching: RHP Kevin Irot
|
|
|
Batting: RHB Rico Escobar
|
0-0: Ball 1-0: Ball 2-0: Foul Ball, location: 2F 2-1: Ball 3-1: Ground out 6-3 (Groundball, 6, EV 94.4 MPH)
|
|
Batting: SHB Ronnie Chapman
|
0-0: Called Strike 0-1: Called Strike 0-2: Ball 1-2: Ball 2-2: Strikes out swinging
|
|
Batting: RHB T.J. Stout
|
0-0: Ball 1-0: Ball 2-0: Called Strike 2-1: Ball 3-1: SINGLE (Groundball, 34D, EV 98.8 MPH)
|
|
Batting: RHB Bobby Hinson
|
0-0: Called Strike 0-1: Ball 1-1: Ball 2-1: Called Strike 2-2: Ground out 6-3 (Groundball, 6, EV 84.4 MPH)
|
| Top of the 7th over - 0 runs, 1 hit, 0 errors, 1 left on base; Fort Myers 3 - St. Pete 0 |
| BOTTOM OF THE 7TH |
|
St. Pete Cardinals batting - Pitching for Fort Myers Miracles : RHP Guillermo Luna
|
|
Batting: LHB Richard Hazard
|
0-0: Ball 1-0: Ground out 5-3 (Groundball, 56S, EV 78.8 MPH)
|
|
Batting: RHB Sal Agostinelli
|
0-0: Ball 1-0: Called Strike 1-1: Called Strike 1-2: Ball 2-2: Ground out 6-3 (Groundball, 6, EV 101.9 MPH)
|
|
Batting: RHB Omar Interiano
|
0-0: Called Strike 0-1: Ball 1-1: Foul Ball, location: 2F 1-2: Ball 2-2: Strikes out looking
|
| Bottom of the 7th over - 0 runs, 0 hits, 0 errors, 0 left on base; Fort Myers 3 - St. Pete 0 |
| TOP OF THE 8TH |
|
Fort Myers Miracles batting - Pitching for St. Pete Cardinals : RHP Kevin Irot
|
|
Batting: RHB Galtero Gioacchini
|
0-0: Called Strike 0-1: Ball 1-1: Foul Ball, location: 2F 1-2: Foul Ball, location: 2F 1-2: Ball 2-2: Ball 3-2: Base on Balls
|
|
Batting: RHB Michael Saccocio
|
0-0: Ball 1-0: Called Strike 1-1: Swinging Strike 1-2: Ball 2-2: Strikes out swinging
|
|
Batting: LHB Rodney Hodde
|
0-0: Ball 1-0: Swinging Strike Galtero Gioacchini steals 2nd base 1-1: Ball 2-1: Ground out 4-3 (Groundball, 4, EV 82.5 MPH) Galtero Gioacchini to third
|
|
Batting: LHB Stacey Pettis
|
0-0: Called Strike 0-1: Foul Ball, location: 2F 0-2: Ball 1-2: Foul Ball, location: 2F 1-2: Fly out, F6 (Popup, 6M, EV 76.3 MPH)
|
| Top of the 8th over - 0 runs, 0 hits, 0 errors, 1 left on base; Fort Myers 3 - St. Pete 0 |
| BOTTOM OF THE 8TH |
|
St. Pete Cardinals batting - Pitching for Fort Myers Miracles : RHP Guillermo Luna
|
|
Batting: RHB Tom Magrann
|
0-0: Ball 1-0: Swinging Strike 1-1: Swinging Strike 1-2: Ball 2-2: Ground out 6-3 (Groundball, 56, EV 83.1 MPH)
|
|
Pitching: LHP Luis Santos
|
|
|
Batting: RHB Jose Mantilla
|
0-0: Called Strike 0-1: Foul Ball, location: 2F 0-2: Ball 1-2: Foul Ball, location: 2F 1-2: Foul Ball, location: 2F 1-2: Ground out 3-1 (Groundball, 34, EV 102.5 MPH)
|
|
Batting: RHB John Roberts
|
0-0: Called Strike 0-1: Called Strike 0-2: Ball 1-2: Strikes out swinging
|
| Bottom of the 8th over - 0 runs, 0 hits, 0 errors, 0 left on base; Fort Myers 3 - St. Pete 0 |
| TOP OF THE 9TH |
|
Fort Myers Miracles batting - Pitching for St. Pete Cardinals : RHP Kevin Irot
|
|
Batting: LHB Abraham Becerra
|
0-0: Ground out U3 (Groundball, 3L, EV 80.6 MPH)
|
|
Batting: RHB Rico Escobar
|
0-0: Fly out, F9 (Flyball, 9LM, EV 80.0 MPH)
|
|
Batting: SHB Ronnie Chapman
|
0-0: Called Strike 0-1: Called Strike 0-2: Foul Ball, location: 2F 0-2: Foul Ball, location: 2F 0-2: Ball 1-2: Foul Ball, location: 2F 1-2: Foul Ball, location: 2F 1-2: Fly out, F8 (Line Drive, 8LD, EV 95.0 MPH)
|
| Top of the 9th over - 0 runs, 0 hits, 0 errors, 0 left on base; Fort Myers 3 - St. Pete 0 |
| BOTTOM OF THE 9TH |
|
St. Pete Cardinals batting - Pitching for Fort Myers Miracles : LHP Luis Santos
|
|
Batting: SHB Mickey Riley
|
0-0: Ground out 5-3 (Groundball, 56S, EV 85.6 MPH)
|
|
Batting: RHB Joe Scime
|
0-0: Called Strike 0-1: Ball 1-1: Ball 2-1: Foul Ball, location: 2F 2-2: Strikes out swinging
|
|
Batting: RHB Eric Hardgrave
|
0-0: Swinging Strike 0-1: Called Strike 0-2: Ball 1-2: Foul Ball, location: 2F 1-2: Ball 2-2: Strikes out swinging
|
| Bottom of the 9th over - 0 runs, 0 hits, 0 errors, 0 left on base; Fort Myers 3 - St. Pete 0 |
|